 Dungeon Crawl Stone Soup version 0.29.1-4-g47bece8355 (webtiles) character file.

Game seed: 8288264878931732576

509 Kieran the Sneak (level 6, -1/23 HPs)
             Began as a Felid Fire Elementalist on Dec 9, 2022.
             Was a Believer of Wu Jian.
             Slain by an iguana (12 damage)
             ... on level 5 of the Dungeon on Dec 10, 2022.
             The game lasted 00:30:29 (6032 turns).

Kieran the Sneak (Felid Fire Elementalist)          Turns: 6032, Time: 00:30:32

Health: -1/23      AC:  2    Str:  4    XL:     6   Next: 98%
Magic:  9/13       EV: 18    Int: 18    God:    Wu Jian [**....]
Gold:   346        SH:  0    Dex: 17    Spells: 5/13 levels left
                                        Lives:  0   Deaths: 1

rFire   + . .      SeeInvis +     - Unarmed
rCold   . . .      Faith    .   (shield unavailable)
rNeg    . . .      Spirit   .   (body armour unavailable)
rPois   .          Reflect  .   (helmet unavailable)
rElec   .          Harm     .   (cloak unavailable)
rCorr   .          Rampage  .   (gloves unavailable)
Will    .....      Clarity  +   (boots unavailable)
Stlth   +++.......              (no amulet)
HPRegen 0.07/turn               b - ring of protection from fire
MPRegen 0.13/turn               (no ring)

@: weakened, quick
A: very small, claws 1, fangs 3, see invisible, speed 1, shaggy fur 2, stealthy
paws, no weapons or thrown items, no armour, multi-lived, clarity, frail 1,
MP-powered wands
a: Renounce Religion, Wall Jump


You were on level 5 of the Dungeon.
You worshipped Wu Jian.
Wu Jian was pleased with you.
You visited 1 branch of the dungeon, and saw 5 of its levels.

You collected 346 gold pieces.

Inventory:

Jewellery
 b - a ring of protection from fire (left paw)
Wands
 j - a wand of flame (4)
Scrolls
 h - a scroll of vulnerability
 l - a scroll of silence
Potions
 a - a potion of curing {unknown}
 c - a potion of degeneration
 d - a potion of might {unknown}
 e - a potion of ambrosia {unknown}
 g - a potion of invisibility
 i - a potion of resistance {unknown}
 k - a potion of cancellation {unknown}


   Skills:
 * Level 2.0 Fighting
 * Level 3.7 Dodging
 * Level 4.3 Stealth
 * Level 1.6 Unarmed Combat
 * Level 4.0 Spellcasting
 * Level 2.1 Conjurations
 * Level 2.6 Hexes
 * Level 4.2 Fire Magic
 * Level 1.3 Air Magic
 * Level 1.2 Poison Magic
 * Level 1.5 Evocations


You had 5 spell levels left.
You knew the following spells:

 Your Spells              Type           Power      Damage    Failure   Level
a - Foxfire               Conj/Fire      56%        2x1d6     4%          1
b - Scorch                Fire           36%        2d7       4%          2
c - Inner Flame           Hex/Fire       15%        N/A       11%         3
d - Poisonous Vapours     Pois/Air       16%        N/A       13%         2

Your spell library contained the following spells:

 Spells                   Type           Power      Damage    Failure   Level
 Sting                    Tmut/Pois      20%        1d4       12%         1
 Conjure Flame            Conj/Fire      14%        6-21      12%         3
 Summon Guardian Golem    Hex/Summ       8%         N/A       26%         3
 Flame Wave               Conj/Fire      14%        2d6       38%         4
 Olgreb's Toxic Radiance  Pois           8%         N/A       65%         4
 Orb of Destruction       Conj           5%         9d5       100%        7
 Spellforged Servitor     Conj/Summ      3%         N/A       100%        7


Dungeon Overview and Level Annotations

Branches:
Dungeon (5/15)             Temple (0/1) D:4

Altars:
Dithmenos
Kikubaaqudgha
Wu Jian

Shops:
D:3 [(   D:4 [[

Portals:
Abyss: D:3

Annotations:
D:3 2 transporters, zeram's ghost, amateur KoBr


Innate Abilities, Weirdness & Mutations

You have sharp claws.
You have razor-sharp teeth.
You have supernaturally acute eyesight. (SInv)
You cover ground quickly. (Speed+)
You are covered in thick fur. (AC +2)
Your paws help you pounce on unaware monsters.
You are incapable of wielding weapons or throwing items.
You cannot wear armour.
You gain extra lives every three experience levels.
You possess an exceptional clarity of mind.
You are frail. (-10% HP)
You expend magic power (3 MP) to strengthen your wands.


Message History

Attack!
The foxfire hits the iguana but does no damage. x2
The iguana misses you.
The gnoll bouda barks out a call to the hunt!
The gnolls pick up the pace!
Casting: Foxfire (safe; 4% risk of failure)
Confirm with . or Enter, or press ? or * to list all spells.
You conjure some foxfire!
The iguana misses you. The gnoll closely misses you.
What are your orders? t - Meow!
Orders for allies: a - Attack new target. p - Attack previous target. r - Retreat! s - Stop attacking. g - Guard the area. f - Follow me.
Anything else - Cancel.
Gang up on whom?
Press: ? - help, Dir - move target, f/p - gnoll bouda
Aim: a gnoll bouda, wielding a +0 whip and wearing a +0 leather armour (inner flame) Attack!
The foxfire hits the gnoll bouda but does no damage.
The foxfire hits the gnoll.
The gnoll is lightly wounded.
The gnoll completely misses you. The iguana barely misses you.
The gnoll completely misses you. The gnoll bouda completely misses you.
The gnoll attacks as you move away! The gnoll misses you.
The gnoll bouda gazes fiercely through you!
You feel your attacks grow feeble.
Aiming: Wall Jump
Press: ? - help, Dir - move target, p - gnoll bouda You attack the gnoll from above.
You scratch the gnoll but do no damage.
You repeatedly attack the gnoll from above.
You scratch the gnoll but do no damage. You scratch the gnoll.
The gnoll is lightly wounded.
You attack the gnoll bouda from above.
You scratch the gnoll bouda but do no damage.
You attack the iguana from above.
You barely miss the iguana. Your bite misses the iguana.
The gnoll hits you from afar with a +0 spear!
The gnoll misses you. The iguana bites you!
Ouch! That really hurt!
You die...

##+# #.# ##...## #.#
##.....## ### #.#
##....○°○## ##.###.#
#.....g@l.####...##.#
+.....g°gg'.......#.#
#......g.§####...##.#
##.......##
##.###.### ##.....##
#.......# ##...##
#.###.#.#
##+#########.###[#.#
#####.##.........#..#
#
...#.##.######..#.##


You could see a gnoll bouda (inner flame), an iguana and 4 gnolls.

Vanquished Creatures
  A wyvern (D:4)
  Blork the orc (D:4)
  2 scorpions (D:4)
  3 hounds (D:4)
  Crazy Yiuf (D:2)
  Terence (D:3)
  An orc wizard (D:4)
  7 adders
  3 gnolls (D:4)
  3 dart slugs
  2 worms
  8 orcs
  6 endoplasms
  10 giant cockroaches
  8 goblins
  10 hobgoblins
  8 jackals
  3 quokkas
  13 ball pythons
  7 bats
  7 frilled lizards
  7 kobolds
  3 rats
115 creatures vanquished.

Vanquished Creatures (collateral kills)
  A jackal (D:2)
  A rat (D:2)
2 creatures vanquished.

Vanquished Creatures (others)
  A human (D:4)
  69 foxfires
  5 toadstools (D:5)
75 creatures vanquished.

Grand Total: 192 creatures vanquished

Notes
Turn   | Place    | Note
-------+----------+-------------------------------------------
     0 | D:1      | Kieran the Felid Fire Elementalist began the quest for the
                  | Orb.
     0 | D:1      | Reached XP level 1. HP: 7/7 MP: 4/4
   109 | D:1      | Reached skill level 1 in Conjurations
   155 | D:2      | Reached XP level 2. HP: 11/12 MP: 4/6
   158 | D:2      | Learned a level 2 spell: Scorch
   473 | D:3      | Reached skill level 1 in Fighting
   513 | D:3      | Reached XP level 3. HP: 15/15 MP: 3/7
   660 | D:3      | Noticed a small abomination
   668 | D:3      | Found a transporter.
   703 | D:3      | Noticed Terence
   758 | D:3      | Learned a level 3 spell: Inner Flame
   832 | D:3      | Found Loitog's Weapon Shop.
   869 | D:3      | Found a transporter.
   878 | D:3      | Noticed a small abomination
   884 | D:3      | Killed Terence
   885 | D:3      | Reached XP level 4. HP: 19/19 MP: 1/8
   901 | D:3      | Found a one-way gate to the infinite horrors of the Abyss.
   901 | D:3      | Noticed zeram's ghost (amateur KoBr)
   972 | D:3      | Found Xuegelin's Armour Shop.
  1339 | D:2      | Found a faded altar of an unknown god.
  1371 | D:2      | Prayed at the altar of an unknown god.
  1371 | D:2      | Became a worshipper of the Wu Jian Council
  1371 | D:2      | Reached * piety under Wu Jian
  1518 | D:2      | Learned a level 2 spell: Poisonous Vapours
  1527 | D:2      | Found a shadowy altar of Dithmenos.
  1876 | D:2      | Found a runed translucent door.
  1877 | D:2      | Noticed Crazy Yiuf
  1936 | D:2      | Killed Crazy Yiuf
  1937 | D:2      | Reached skill level 1 in Hexes
  1937 | D:2      | Reached XP level 5. HP: 6/22 MP: 4/10
  2333 | D:1      | Reached ** piety under Wu Jian
  2880 | D:4      | Found Anopsyme's Antique Armour Boutique.
  2888 | D:4      | Reached skill level 1 in Unarmed Combat
  3113 | D:4      | Identified the +10 quarterstaff of the Kidney {vorpal,
                  | rCorr Int+6 Dex-3}
  3146 | D:4      | Gained mutation: You are covered in thick fur. (AC +2)
                  | [Felid growth]
  3146 | D:4      | Reached XP level 6. HP: 25/25 MP: 1/11
  3223 | D:4      | Noticed Blork the orc
  3232 | D:4      | Killed Blork the orc
  3233 | D:4      | Reached skill level 1 in Air Magic
  3233 | D:4      | Reached skill level 1 in Evocations
  3929 | D:4      | Reached skill level 1 in Poison Magic
  3935 | D:4      | Shot with a sling bullet by a gnoll
  3936 | D:4      | Reached XP level 5. HP: -2/22 MP: 1/11
  4354 | D:4      | Reached XP level 6. HP: 22/26 MP: 4/12
  4430 | D:4      | Found an ancient bone altar of Kikubaaqudgha.
  4430 | D:4      | Noticed a human
  4434 | D:4      | Killed a human
  4486 | D:4      | Noticed a wyvern
  4521 | D:4      | Identified the +6 quarterstaff of Chance {flame, Will+
                  | Str+3}
  4553 | D:4      | Found Ottyrick's Antique Armour Boutique.
  4614 | D:4      | Killed a wyvern
  4951 | D:4      | Gained mutation: You possess an exceptional clarity of
                  | mind. [potion of mutation]
  4951 | D:4      | Gained mutation: You are frail. (-10% HP) [potion of
                  | mutation]
  4951 | D:4      | Gained mutation: You expend magic power (3 MP) to
                  | strengthen your wands. [potion of mutation]
  5195 | D:4      | Found a staircase to the Ecumenical Temple.
  5635 | D:5      | Entered Level 5 of the Dungeon
  6032 | D:5      | Slain by an iguana

Illustrated notes

Levels and vault maps discovered:
D:1:      ncdulo_halloftheorcs, layout_rooms
D:2:      layout_rooms, basic_altar, hellmonk_ecumenical_altar_inner_sanctum,
          columned_hall_lemuel, kennysheep_generic_room_7,
          uniq_crazy_yiuf_cottage
D:3:      layout_rooms, gammafunk_ghost_abyssal_escape, serial_shops,
          nicolae_lakefront_shop, nicolae_shop_advertising_works
          [nicolae_subvault_shop_adworks], uniq_terence
D:4:      minmay_recursive_quarters, layout_cave_pods, tgw_kikubaaqudgha,
          minmay_temple_entry_poolview, serial_shops,
          nicolae_shop_temple_entry_statues_fountains, st_stairs_9,
          nicolae_take_the_stairs, uniq_blork_the_orc
D:5:      layout_loops_corners, minmay_gold_behind_fungi

Skill      XL: |  1  2  3  4  5  6 |
---------------+-------------------+-----
Conjurations   | 1 2 |  2.1
Fire Magic     | 3 4 |  4.2
Fighting       | 1 2 |  2.0
Stealth        | 3 4 |  4.3
Dodging        | 3 |  3.7
Hexes          | 1 2 |  2.6
Spellcasting   | 3 4 |  4.0
Unarmed Combat | 1 |  1.6
Air Magic      | 1 |  1.3
Evocations     | 1 |  1.5
Poison Magic   | 1 |  1.2

Action                   |  1- 3 |  4- 6 || total
-------------------------+-------+-------++-------
Melee: Unarmed           |     8 |    65 ||    73
       Bite              |     1 |     2 ||     3
       Punch             |       |     1 ||     1
 Cast: Foxfire           |    23 |    19 ||    42
       Scorch            |    26 |    80 ||   106
       Inner Flame       |       |     8 ||     8
       Poisonous Vapours |       |     5 ||     5
Invok: Whirlwind         |       |    39 ||    39
       Lunge             |       |     2 ||     2
 Abil: Wall Jump         |       |     5 ||     5
Evoke: Wand              |       |    12 ||    12
  Use: Potion            |     3 |     5 ||     8
       Scroll            |     2 |     6 ||     8
 Stab: Sleeping          |     1 |     7 ||     8
Armor: Skin              |       |     9 ||     9
Dodge: Dodged            |    26 |   133 ||   159
